[ AOE2 MATCH · #473676036 ]
UnrankedFranks vs Byzantines
[ REPLAY ANALYSIS · EXTRACTED FROM THE RECORDED GAME ]
Feudal
9:15
Castle
24:35
Imperial
43:31
| APM avg | 32.3 |
| APM peak | 66 |
| eAPM avg | 16.9 |
| Villagers / military | 142 / 123 |
Focus
⚔️ 28.3% · 🌾 71.7%
Knight ×108 · Scout Cavalry ×13 · Monk ×2
Feudal
10:13
Castle
27:29
Imperial
47:15
| APM avg | 23.6 |
| APM peak | 61 |
| eAPM avg | 14.2 |
| Villagers / military | 118 / 132 |
Focus
⚔️ 25.7% · 🌾 74.3%
Skirmisher ×59 · Camel Scout ×44 · Scout Cavalry ×25 · Cataphract ×2 · Mangonel ×1 · Battering Ram ×1
Feudal
10:17
Castle
24:06
Imperial
46:17
| APM avg | 25.7 |
| APM peak | 68 |
| eAPM avg | 13.6 |
| Villagers / military | 148 / 152 |
Focus
⚔️ 26.4% · 🌾 73.6%
Archer ×136 · Scout Cavalry ×9 · Spearman ×6 · Monk ×1
Feudal
11:36
Castle
28:56
Imperial
—
| APM avg | 22.3 |
| APM peak | 51 |
| eAPM avg | 12.6 |
| Villagers / military | 112 / 39 |
Focus
⚔️ 15.3% · 🌾 84.7%
Scout Cavalry ×17 · Spearman ×12 · Knight ×10
Feudal
10:01
Castle
24:00
Imperial
44:09
| APM avg | 14.2 |
| APM peak | 51 |
| eAPM avg | 10.3 |
| Villagers / military | 112 / 189 |
Focus
⚔️ 32.8% · 🌾 67.2%
Archer ×151 · Scout Cavalry ×26 · Battering Ram ×7 · Spearman ×4 · Mangonel ×1
Feudal
11:29
Castle
23:23
Imperial
—
| APM avg | 25.5 |
| APM peak | 44 |
| eAPM avg | 15.5 |
| Villagers / military | 84 / 105 |
Focus
⚔️ 35.5% · 🌾 64.5%
Archer ×46 · Mameluke ×26 · Spearman ×26 · Mangonel ×6 · Skirmisher ×1
Match map
Initial resources + every placement click. Lines = walls · curves = elevation contours. ◆ gold · ⬟ stone · ● berries · ✦ relic · ◌ wall gap
Your base· ✓ Closed at 24:35 · 28t walls · 1 gate(s)
Karlavagnen's base· ✓ Closed at 27:29 · 58t walls · 3 gate(s)
AOELG Cpt.Prisma's base· Open — 8t gap
Captain Fluffy's base· Open — 1t gap
AOELG_danger bochem's base· ✓ Closed at 24:00 · 46t walls · 2 gate(s)
Rullandebulle's base· Open — 6t gap
Smoothed initial terrain · ◌ = detected wall gap · hover for details
Inputs per minute
— AOELG_magic_vky - - Karlavagnen
Build order — AOELG_magic_vky
First 150 of 454 actions detected
| 0:00 | Create | Villager (Male) |
| 0:01 | Create | Villager (Male) |
| 0:01 | Create | Villager (Male) |
| 0:01 | Create | Villager (Male) |
| 0:03 | Build | House |
| 0:04 | Build | House |
| 1:19 | Create | Villager (Male) |
| 1:44 | Build | Lumber Camp |
| 2:02 | Create | Villager (Male) |
| 2:02 | Create | Villager (Male) |
| 2:20 | Create | Villager (Male) |
| 2:47 | Create | Villager (Male) |
| 3:45 | Create | Villager (Male) |
| 3:48 | Create | Villager (Male) |
| 3:48 | Create | Villager (Male) |
| 4:07 | Create | Villager (Male) |
| 4:16 | Build | House |
| 4:28 | Create | Villager (Male) |
| 4:29 | Create | Villager (Male) |
| 5:03 | Build | Mill |
| 5:20 | Create | Villager (Male) |
| 5:21 | Create | Villager (Male) |
| 6:22 | Research | Loom |
| 7:04 | Research | Feudal Age |
| 7:36 | Build | Barracks |
| 7:56 | Create | Villager (Male) |
| 7:56 | Create | Villager (Male) |
| 8:31 | Build | House |
| 8:51 | Build | Palisade Wall |
| 9:15 | Age | Feudal Age |
| 9:18 | Build | Stable |
| 9:21 | Build | House |
| 9:25 | Build | House |
| 9:32 | Create | Villager (Male) |
| 9:43 | Research | Double-Bit Axe |
| 10:09 | Create | Villager (Male) |
| 10:12 | Create | Scout Cavalry |
| 10:12 | Create | Scout Cavalry |
| 10:18 | Create | Villager (Male) |
| 10:22 | Build | Farm |
| 10:25 | Build | Farm |
| 10:53 | Build | Palisade Wall |
| 10:56 | Build | Palisade Wall |
| 11:00 | Build | House |
| 11:01 | Build | House |
| 11:03 | Create | Scout Cavalry |
| 11:05 | Create | Villager (Male) |
| 11:07 | Build | Farm |
| 11:11 | Create | Villager (Male) |
| 11:29 | Create | Villager (Male) |
| 11:34 | Build | Farm |
| 11:37 | Build | Farm |
| 11:43 | Build | Farm |
| 12:02 | Build | House |
| 12:04 | Build | House |
| 12:07 | Create | Villager (Male) |
| 12:10 | Build | Farm |
| 12:16 | Create | Scout Cavalry |
| 12:24 | Build | Farm |
| 12:41 | Build | Palisade Wall |
| 12:48 | Create | Scout Cavalry |
| 12:56 | Build | Farm |
| 12:59 | Build | Farm |
| 13:02 | Build | House |
| 13:04 | Build | House |
| 13:10 | Create | Villager (Male) |
| 13:10 | Create | Villager (Male) |
| 13:23 | Build | Farm |
| 13:30 | Build | Farm |
| 13:32 | Create | Villager (Male) |
| 14:06 | Build | Blacksmith |
| 14:14 | Create | Villager (Male) |
| 14:15 | Create | Villager (Male) |
| 14:38 | Create | Scout Cavalry |
| 14:41 | Build | House |
| 14:42 | Build | House |
| 14:43 | Build | House |
| 14:48 | Build | Palisade Wall |
| 14:53 | Build | Palisade Gate |
| 14:54 | Create | Villager (Male) |
| 14:59 | Build | Farm |
| 15:02 | Build | Farm |
| 15:04 | Create | Villager (Male) |
| 15:10 | Research | Scale Barding Armor |
| 15:13 | Build | Farm |
| 15:19 | Create | Scout Cavalry |
| 15:33 | Create | Villager (Male) |
| 15:37 | Build | Mining Camp |
| 15:55 | Create | Villager (Male) |
| 16:06 | Create | Scout Cavalry |
| 16:12 | Build | House |
| 16:13 | Build | House |
| 16:13 | Build | House |
| 16:41 | Create | Villager (Male) |
| 16:47 | Build | Farm |
| 16:50 | Build | Farm |
| 16:57 | Research | Forging |
| 17:00 | Create | Villager (Male) |
| 17:20 | Build | Farm |
| 17:22 | Build | Farm |
| 17:24 | Build | Farm |
| 17:37 | Create | Villager (Male) |
| 17:38 | Create | Villager (Male) |
| 17:41 | Create | Scout Cavalry |
| 17:42 | Create | Scout Cavalry |
| 18:08 | Create | Villager (Male) |
| 18:08 | Create | Villager (Male) |
| 18:11 | Create | Scout Cavalry |
| 18:40 | Create | Villager (Male) |
| 18:40 | Create | Villager (Male) |
| 19:27 | Create | Scout Cavalry |
| 19:27 | Create | Scout Cavalry |
| 19:40 | Create | Villager (Male) |
| 19:41 | Create | Villager (Male) |
| 20:22 | Build | House |
| 20:25 | Build | House |
| 20:32 | Create | Villager (Male) |
| 20:32 | Create | Villager (Male) |
| 20:32 | Create | Villager (Male) |
| 20:37 | Build | House |
| 21:16 | Build | House |
| 21:17 | Build | House |
| 21:33 | Research | Castle Age |
| 21:39 | Build | Stable |
| 22:21 | Create | Villager (Male) |
| 22:21 | Create | Villager (Male) |
| 22:43 | Build | Farm |
| 22:47 | Build | Farm |
| 23:03 | Build | Farm |
| 24:35 | Age | Castle Age |
| 24:37 | Build | Town Center |
| 24:58 | Build | Town Center |
| 25:00 | Create | Knight |
| 25:00 | Create | Knight |
| 25:01 | Create | Knight |
| 25:01 | Create | Knight |
| 25:01 | Create | Knight |
| 25:01 | Create | Knight |
| 25:05 | Research | Chain Barding Armor |
| 25:06 | Research | Iron Casting |
| 25:07 | Create | Knight |
| 25:07 | Create | Knight |
| 25:08 | Create | Knight |
| 25:08 | Create | Knight |
| 25:19 | Build | Farm |
| 25:27 | Create | Villager (Male) |
| 25:27 | Create | Villager (Male) |
| 25:27 | Create | Villager (Male) |
| 25:45 | Build | Farm |
| 26:04 | Create | Villager (Male) |
Build order — Karlavagnen
First 150 of 347 actions detected
| 0:01 | Create | Villager (Male) |
| 0:02 | Create | Villager (Male) |
| 0:02 | Create | Villager (Male) |
| 0:02 | Build | House |
| 0:04 | Build | House |
| 0:05 | Create | Villager (Male) |
| 1:24 | Build | Lumber Camp |
| 1:25 | Create | Villager (Male) |
| 1:25 | Create | Villager (Male) |
| 2:08 | Create | Villager (Male) |
| 2:14 | Build | House |
| 2:16 | Build | House |
| 2:33 | Create | Villager (Male) |
| 2:58 | Create | Villager (Male) |
| 3:33 | Create | Villager (Male) |
| 3:38 | Create | Villager (Male) |
| 4:17 | Create | Villager (Male) |
| 4:18 | Create | Villager (Male) |
| 5:07 | Build | Mill |
| 5:08 | Create | Villager (Male) |
| 5:43 | Create | Villager (Male) |
| 6:10 | Create | Villager (Male) |
| 6:16 | Create | Villager (Male) |
| 6:22 | Create | Villager (Male) |
| 6:23 | Research | Loom |
| 7:40 | Build | Barracks |
| 7:50 | Build | Palisade Gate |
| 7:55 | Build | House |
| 8:00 | Build | Palisade Wall |
| 8:03 | Research | Feudal Age |
| 8:18 | Build | House |
| 8:28 | Build | Palisade Wall |
| 8:32 | Build | Palisade Wall |
| 8:54 | Build | House |
| 9:01 | Build | Palisade Wall |
| 9:03 | Build | Palisade Wall |
| 9:05 | Build | Palisade Wall |
| 10:13 | Age | Feudal Age |
| 10:16 | Create | Villager (Male) |
| 10:29 | Build | Stable |
| 10:35 | Create | Villager (Male) |
| 10:35 | Create | Villager (Male) |
| 10:42 | Research | Double-Bit Axe |
| 10:42 | Research | Double-Bit Axe |
| 11:16 | Build | Farm |
| 11:17 | Build | Farm |
| 11:17 | Build | Farm |
| 11:17 | Build | Farm |
| 11:17 | Build | Farm |
| 11:25 | Create | Scout Cavalry |
| 11:25 | Create | Scout Cavalry |
| 11:25 | Create | Scout Cavalry |
| 11:52 | Build | Farm |
| 11:54 | Create | Villager (Male) |
| 12:07 | Research | Horse Collar |
| 12:20 | Build | Farm |
| 12:26 | Build | Farm |
| 12:28 | Create | Villager (Male) |
| 12:36 | Build | Farm |
| 12:45 | Create | Scout Cavalry |
| 12:54 | Build | Farm |
| 13:05 | Create | Villager (Male) |
| 13:06 | Create | Villager (Male) |
| 13:33 | Build | Blacksmith |
| 13:38 | Create | Villager (Male) |
| 13:59 | Build | Farm |
| 14:06 | Build | Lumber Camp |
| 14:13 | Research | Forging |
| 14:51 | Create | Villager (Male) |
| 14:56 | Build | Farm |
| 14:56 | Build | Farm |
| 14:57 | Build | Farm |
| 14:57 | Build | Farm |
| 14:57 | Build | Farm |
| 14:57 | Build | Farm |
| 14:57 | Build | Farm |
| 15:29 | Create | Villager (Male) |
| 15:37 | Build | Farm |
| 15:39 | Create | Scout Cavalry |
| 15:39 | Create | Scout Cavalry |
| 15:54 | Build | Mill |
| 15:54 | Build | Farm |
| 15:56 | Create | Villager (Male) |
| 15:59 | Build | Farm |
| 16:19 | Create | Scout Cavalry |
| 16:29 | Build | Farm |
| 16:31 | Create | Scout Cavalry |
| 16:38 | Create | Villager (Male) |
| 16:50 | Research | Scale Barding Armor |
| 16:50 | Research | Scale Barding Armor |
| 17:08 | Create | Villager (Male) |
| 17:20 | Create | Scout Cavalry |
| 17:22 | Build | Farm |
| 17:36 | Build | Farm |
| 17:38 | Create | Villager (Male) |
| 17:51 | Create | Villager (Male) |
| 18:08 | Build | Farm |
| 18:30 | Create | Villager (Male) |
| 18:36 | Build | House |
| 18:37 | Build | House |
| 18:38 | Build | House |
| 18:40 | Build | House |
| 18:42 | Build | House |
| 18:44 | Build | House |
| 19:13 | Create | Villager (Male) |
| 19:16 | Build | Farm |
| 19:19 | Create | Villager (Male) |
| 19:42 | Build | Mill |
| 19:43 | Build | Farm |
| 19:51 | Create | Scout Cavalry |
| 19:52 | Create | Scout Cavalry |
| 19:52 | Create | Scout Cavalry |
| 19:52 | Create | Scout Cavalry |
| 19:52 | Create | Scout Cavalry |
| 20:24 | Build | Farm |
| 20:33 | Build | Gate |
| 20:40 | Build | Gate |
| 21:01 | Create | Villager (Male) |
| 21:15 | Create | Scout Cavalry |
| 21:47 | Build | Farm |
| 21:50 | Create | Villager (Male) |
| 21:50 | Create | Villager (Male) |
| 21:54 | Build | Mining Camp |
| 22:11 | Create | Scout Cavalry |
| 22:23 | Research | Gold Mining |
| 23:08 | Create | Scout Cavalry |
| 23:17 | Build | Watch Tower |
| 23:24 | Build | Archery Range |
| 23:47 | Build | Palisade Wall |
| 23:51 | Create | Skirmisher |
| 23:52 | Create | Skirmisher |
| 23:52 | Create | Skirmisher |
| 24:09 | Create | Villager (Male) |
| 24:13 | Build | Lumber Camp |
| 24:24 | Create | Scout Cavalry |
| 24:36 | Build | Market |
| 24:39 | Create | Villager (Male) |
| 24:49 | Research | Castle Age |
| 24:49 | Research | Castle Age |
| 24:54 | Build | House |
| 25:00 | Build | Palisade Wall |
| 25:31 | Create | Scout Cavalry |
| 25:31 | Create | Scout Cavalry |
| 25:31 | Create | Scout Cavalry |
| 25:34 | Create | Skirmisher |
| 25:34 | Create | Skirmisher |
| 25:34 | Create | Skirmisher |
| 25:35 | Create | Skirmisher |
| 25:43 | Research | Stone Mining |
| 25:53 | Build | Lumber Camp |
Build order — AOELG Cpt.Prisma
First 150 of 378 actions detected
| 0:00 | Create | Villager (Male) |
| 0:01 | Create | Villager (Male) |
| 0:01 | Create | Villager (Male) |
| 0:02 | Build | House |
| 0:04 | Build | House |
| 0:22 | Create | Villager (Male) |
| 1:44 | Create | Villager (Male) |
| 1:44 | Create | Villager (Male) |
| 1:48 | Build | Lumber Camp |
| 2:04 | Create | Villager (Male) |
| 2:04 | Create | Villager (Male) |
| 2:27 | Create | Villager (Male) |
| 2:27 | Create | Villager (Male) |
| 2:49 | Create | Villager (Male) |
| 3:31 | Create | Villager (Male) |
| 3:31 | Create | Villager (Male) |
| 3:57 | Build | House |
| 4:02 | Build | Palisade Wall |
| 4:02 | Build | Palisade Wall |
| 4:08 | Create | Villager (Male) |
| 4:33 | Create | Villager (Male) |
| 4:39 | Build | House |
| 5:02 | Build | House |
| 5:04 | Create | Villager (Male) |
| 5:04 | Create | Villager (Male) |
| 5:04 | Create | Villager (Male) |
| 5:43 | Create | Villager (Male) |
| 5:43 | Create | Villager (Male) |
| 6:06 | Build | Barracks |
| 6:54 | Build | House |
| 7:01 | Build | Palisade Gate |
| 7:03 | Build | House |
| 7:08 | Build | Palisade Wall |
| 7:17 | Create | Villager (Male) |
| 7:18 | Research | Loom |
| 7:36 | Build | Mill |
| 8:01 | Research | Feudal Age |
| 8:33 | Create | Villager (Male) |
| 8:33 | Create | Villager (Male) |
| 8:47 | Build | Palisade Gate |
| 9:23 | Build | Mining Camp |
| 10:17 | Age | Feudal Age |
| 10:19 | Build | Archery Range |
| 10:21 | Create | Spearman |
| 10:35 | Research | Double-Bit Axe |
| 11:08 | Create | Villager (Male) |
| 11:09 | Create | Villager (Male) |
| 11:19 | Create | Villager (Male) |
| 11:21 | Create | Archer |
| 11:21 | Create | Archer |
| 11:25 | Build | House |
| 11:34 | Build | Palisade Wall |
| 11:35 | Build | Palisade Wall |
| 11:37 | Create | Villager (Male) |
| 12:08 | Build | Archery Range |
| 12:17 | Build | House |
| 12:21 | Research | Horse Collar |
| 12:29 | Create | Archer |
| 12:47 | Create | Archer |
| 12:47 | Create | Archer |
| 12:49 | Create | Archer |
| 12:50 | Create | Archer |
| 12:57 | Build | Farm |
| 13:10 | Create | Villager (Male) |
| 13:10 | Create | Villager (Male) |
| 13:15 | Create | Archer |
| 13:31 | Build | Farm |
| 13:39 | Create | Villager (Male) |
| 13:49 | Build | Blacksmith |
| 14:06 | Build | Farm |
| 14:11 | Build | Farm |
| 14:22 | Build | Palisade Gate |
| 14:28 | Build | Palisade Wall |
| 14:50 | Build | Lumber Camp |
| 15:12 | Build | Farm |
| 15:13 | Create | Villager (Male) |
| 15:13 | Create | Villager (Male) |
| 15:17 | Create | Archer |
| 15:17 | Create | Archer |
| 15:17 | Create | Archer |
| 15:31 | Research | Fletching |
| 15:34 | Research | Padded Archer Armor |
| 15:37 | Build | House |
| 15:39 | Build | House |
| 16:08 | Build | Farm |
| 16:14 | Create | Spearman |
| 16:14 | Create | Spearman |
| 16:34 | Create | Spearman |
| 16:34 | Create | Spearman |
| 16:35 | Create | Spearman |
| 16:59 | Build | Palisade Wall |
| 17:01 | Build | Farm |
| 17:03 | Build | Farm |
| 17:18 | Build | Farm |
| 17:23 | Build | House |
| 17:31 | Build | Palisade Wall |
| 17:35 | Create | Villager (Male) |
| 18:20 | Research | Wheelbarrow |
| 18:21 | Create | Villager (Male) |
| 18:26 | Build | Farm |
| 19:08 | Create | Villager (Male) |
| 19:22 | Build | Market |
| 19:29 | Build | Farm |
| 19:29 | Build | Farm |
| 20:00 | Create | Villager (Male) |
| 20:06 | Build | Farm |
| 20:21 | Create | Villager (Male) |
| 20:44 | Build | Farm |
| 20:57 | Build | Farm |
| 21:26 | Research | Castle Age |
| 21:52 | Build | Farm |
| 21:56 | Create | Archer ×4 |
| 22:04 | Build | Mining Camp |
| 22:28 | Build | Archery Range |
| 22:34 | Research | Gold Mining |
| 22:37 | Research | Stone Mining |
| 22:45 | Create | Villager (Male) |
| 22:46 | Create | Villager (Male) |
| 23:13 | Create | Archer |
| 23:13 | Create | Archer |
| 23:17 | Create | Archer |
| 24:06 | Age | Castle Age |
| 24:09 | Research | Crossbowman (upgrade) |
| 24:27 | Build | Town Center |
| 24:37 | Research | Bow Saw |
| 24:40 | Create | Archer ×2 |
| 24:45 | Create | Villager (Male) |
| 25:04 | Create | Villager (Male) |
| 25:18 | Create | Villager (Male) |
| 25:40 | Research | Hand Cart |
| 25:59 | Create | Archer |
| 26:17 | Build | Watch Tower |
| 26:23 | Create | Villager (Male) |
| 26:26 | Create | Archer ×2 |
| 27:03 | Create | Villager (Male) |
| 27:03 | Create | Villager (Male) |
| 27:05 | Create | Villager (Male) |
| 27:17 | Build | Gate |
| 27:19 | Create | Villager (Male) |
| 27:21 | Create | Villager (Male) |
| 27:51 | Build | Town Center |
| 27:57 | Create | Villager (Male) |
| 27:57 | Create | Villager (Male) |
| 27:59 | Research | Thumb Ring |
| 28:08 | Create | Villager (Male) |
| 28:31 | Create | Archer ×3 |
| 28:44 | Create | Villager (Male) |
| 28:44 | Create | Villager (Male) |
| 29:00 | Create | Villager (Male) |
| 29:00 | Create | Villager (Male) |
Build order — Captain Fluffy
First 150 of 224 actions detected
| 0:02 | Build | House |
| 0:04 | Build | House |
| 0:06 | Create | Villager (Male) |
| 0:06 | Create | Villager (Male) |
| 0:07 | Create | Villager (Male) |
| 0:07 | Create | Villager (Male) |
| 0:09 | Build | House |
| 0:11 | Build | House |
| 1:37 | Create | Villager (Male) |
| 1:37 | Create | Villager (Male) |
| 1:58 | Build | Lumber Camp |
| 2:02 | Research | Loom |
| 2:12 | Create | Villager (Male) |
| 2:12 | Create | Villager (Male) |
| 2:27 | Create | Villager (Male) |
| 2:27 | Create | Villager (Male) |
| 3:12 | Create | Villager (Male) |
| 3:13 | Create | Villager (Male) |
| 3:34 | Create | Villager (Male) |
| 3:34 | Create | Villager (Male) |
| 4:01 | Create | Villager (Male) |
| 4:01 | Create | Villager (Male) |
| 4:25 | Create | Villager (Male) |
| 4:25 | Create | Villager (Male) |
| 4:46 | Build | Mill |
| 4:50 | Create | Villager (Male) |
| 5:08 | Create | Villager (Male) |
| 5:09 | Create | Villager (Male) |
| 5:25 | Create | Villager (Male) |
| 5:25 | Create | Villager (Male) |
| 6:01 | Create | Villager (Male) |
| 6:01 | Create | Villager (Male) |
| 6:30 | Create | Villager (Male) |
| 6:45 | Create | Villager (Male) |
| 6:52 | Build | House |
| 7:13 | Build | Barracks |
| 7:40 | Create | Villager (Male) |
| 7:44 | Build | House |
| 7:48 | Build | Palisade Wall |
| 8:15 | Create | Villager (Male) |
| 8:44 | Build | Palisade Wall |
| 8:51 | Create | Villager (Male) |
| 9:23 | Build | House |
| 9:26 | Research | Feudal Age |
| 9:48 | Build | Palisade Wall |
| 9:50 | Build | House |
| 10:27 | Build | Palisade Wall |
| 10:36 | Build | Farm |
| 10:37 | Build | Farm |
| 10:39 | Build | Farm |
| 10:41 | Build | Farm |
| 11:07 | Create | Villager (Male) |
| 11:11 | Create | Villager (Male) |
| 11:36 | Age | Feudal Age |
| 11:39 | Build | Stable |
| 11:54 | Build | Stable |
| 12:22 | Create | Scout Cavalry |
| 12:22 | Create | Scout Cavalry |
| 12:22 | Create | Scout Cavalry |
| 12:35 | Build | Farm |
| 12:36 | Build | Farm |
| 12:39 | Create | Scout Cavalry |
| 12:39 | Create | Scout Cavalry |
| 12:39 | Create | Scout Cavalry |
| 12:44 | Create | Scout Cavalry ×3 |
| 12:49 | Build | Farm |
| 12:53 | Create | Villager (Male) |
| 13:04 | Build | Farm |
| 13:09 | Create | Villager (Male) |
| 13:10 | Create | Villager (Male) |
| 13:28 | Build | Palisade Wall |
| 13:33 | Build | Palisade Gate |
| 13:34 | Create | Scout Cavalry |
| 13:34 | Create | Scout Cavalry |
| 13:39 | Build | Farm |
| 13:43 | Build | Farm |
| 13:44 | Create | Villager (Male) |
| 14:07 | Create | Villager (Male) |
| 14:08 | Create | Villager (Male) |
| 14:19 | Build | House |
| 14:25 | Build | Palisade Wall |
| 14:42 | Create | Villager (Male) |
| 14:50 | Build | Farm |
| 14:52 | Build | Farm |
| 14:59 | Build | Mining Camp |
| 15:17 | Create | Scout Cavalry ×2 |
| 15:18 | Create | Villager (Male) |
| 15:45 | Create | Villager (Male) |
| 15:49 | Build | Farm |
| 15:50 | Build | Farm |
| 15:50 | Build | Farm |
| 15:51 | Build | Farm |
| 16:13 | Create | Villager (Male) |
| 16:35 | Create | Villager (Male) |
| 16:42 | Create | Scout Cavalry ×2 |
| 16:50 | Build | House |
| 16:51 | Build | House |
| 16:55 | Build | House |
| 16:56 | Build | House |
| 17:12 | Create | Villager (Male) |
| 17:12 | Create | Villager (Male) |
| 17:16 | Build | House |
| 17:18 | Build | House |
| 17:42 | Create | Scout Cavalry ×2 |
| 18:02 | Create | Spearman |
| 18:03 | Create | Spearman |
| 18:21 | Build | Barracks |
| 18:39 | Build | House |
| 18:55 | Create | Spearman |
| 18:55 | Create | Spearman |
| 19:01 | Build | Farm |
| 19:07 | Build | House |
| 19:17 | Create | Spearman |
| 19:22 | Create | Spearman |
| 19:22 | Create | Spearman |
| 21:34 | Build | House |
| 22:01 | Build | House |
| 22:06 | Create | Villager (Male) |
| 22:06 | Create | Villager (Male) |
| 22:10 | Create | Villager (Male) |
| 22:36 | Build | House |
| 22:40 | Build | Farm |
| 22:45 | Create | Villager (Male) |
| 22:48 | Build | Farm |
| 23:28 | Create | Villager (Male) |
| 23:44 | Build | Palisade Wall |
| 23:49 | Create | Villager (Male) |
| 23:59 | Build | Palisade Gate |
| 24:12 | Create | Villager (Male) |
| 24:14 | Create | Villager (Male) |
| 24:30 | Create | Villager (Male) |
| 25:23 | Build | Blacksmith |
| 25:28 | Create | Villager (Male) |
| 25:54 | Research | Castle Age |
| 26:05 | Create | Villager (Male) |
| 26:18 | Research | Scale Barding Armor |
| 26:19 | Research | Forging |
| 28:05 | Build | House |
| 28:24 | Create | Spearman ×5 |
| 28:56 | Age | Castle Age |
| 29:01 | Create | Knight ×5 |
| 29:25 | Create | Knight ×5 |
| 31:25 | Create | Villager (Male) |
| 31:25 | Create | Villager (Male) |
| 31:25 | Create | Villager (Male) |
| 32:18 | Create | Villager (Male) |
| 32:19 | Create | Villager (Male) |
| 33:04 | Build | Town Center |
| 33:06 | Create | Villager (Male) |
| 33:06 | Create | Villager (Male) |
Build order — AOELG_danger bochem
First 150 of 275 actions detected
| 0:00 | Create | Villager (Male) |
| 0:01 | Create | Villager (Male) |
| 0:01 | Create | Villager (Male) |
| 0:01 | Create | Villager (Male) |
| 0:04 | Build | House |
| 0:07 | Build | House |
| 1:24 | Create | Villager (Male) |
| 1:45 | Build | Lumber Camp |
| 2:01 | Create | Villager (Male) |
| 2:22 | Create | Villager (Male) |
| 2:38 | Build | House |
| 3:11 | Create | Villager (Male) ×2 |
| 3:36 | Create | Villager (Male) |
| 3:54 | Create | Villager (Male) |
| 4:52 | Create | Villager (Male) |
| 4:59 | Create | Villager (Male) |
| 4:59 | Create | Villager (Male) |
| 5:01 | Create | Villager (Male) |
| 5:36 | Build | House |
| 6:14 | Create | Villager (Male) ×5 |
| 6:41 | Create | Villager (Male) |
| 7:09 | Build | Mill |
| 7:26 | Research | Loom |
| 7:45 | Research | Feudal Age |
| 7:55 | Build | House |
| 8:20 | Build | Mining Camp |
| 8:37 | Build | Barracks |
| 8:52 | Build | Palisade Wall |
| 8:58 | Create | Villager (Male) ×4 |
| 9:19 | Build | Palisade Wall |
| 9:27 | Build | Palisade Gate |
| 9:41 | Create | Villager (Male) |
| 9:57 | Create | Villager (Male) |
| 10:01 | Age | Feudal Age |
| 10:09 | Build | House |
| 10:37 | Build | Archery Range |
| 10:45 | Build | House |
| 10:55 | Create | Villager (Male) |
| 11:33 | Create | Spearman |
| 11:59 | Create | Archer |
| 11:59 | Create | Archer |
| 12:03 | Build | Archery Range |
| 12:13 | Create | Villager (Male) ×2 |
| 12:40 | Build | House |
| 12:54 | Create | Archer |
| 13:02 | Create | Archer |
| 13:02 | Create | Archer |
| 13:04 | Create | Archer |
| 13:04 | Create | Archer |
| 13:16 | Build | Blacksmith |
| 13:31 | Build | Palisade Gate |
| 13:43 | Create | Archer |
| 13:44 | Create | Archer |
| 13:51 | Build | House |
| 13:53 | Build | House |
| 13:56 | Build | House |
| 14:01 | Create | Villager (Male) ×5 |
| 15:28 | Create | Archer ×5 |
| 15:36 | Build | Farm |
| 15:36 | Build | Farm |
| 15:37 | Build | Farm |
| 15:37 | Build | Farm |
| 15:38 | Build | Farm |
| 16:13 | Create | Villager (Male) ×3 |
| 16:15 | Build | Farm |
| 16:16 | Build | Farm |
| 16:16 | Build | Farm |
| 16:22 | Build | Farm |
| 16:37 | Build | Farm |
| 16:45 | Build | Farm |
| 16:58 | Build | Farm |
| 16:59 | Create | Archer |
| 17:00 | Create | Archer |
| 17:06 | Create | Villager (Male) |
| 17:09 | Build | Farm |
| 17:25 | Build | Farm |
| 17:37 | Build | Farm |
| 17:45 | Create | Archer |
| 17:45 | Create | Archer |
| 17:49 | Research | Padded Archer Armor |
| 17:57 | Create | Villager (Male) |
| 18:03 | Build | Farm |
| 18:09 | Build | Farm |
| 18:16 | Build | Farm |
| 18:26 | Build | Farm |
| 18:34 | Build | House |
| 18:42 | Create | Archer |
| 18:42 | Create | Archer |
| 18:44 | Create | Archer |
| 19:03 | Build | Farm |
| 19:17 | Create | Spearman |
| 19:17 | Create | Spearman |
| 19:47 | Build | Farm |
| 19:52 | Create | Spearman |
| 20:06 | Create | Archer |
| 20:06 | Create | Archer |
| 20:32 | Research | Fletching |
| 21:10 | Build | Palisade Wall |
| 21:20 | Research | Castle Age |
| 22:30 | Create | Archer |
| 22:30 | Create | Archer |
| 22:30 | Create | Archer |
| 22:31 | Create | Archer |
| 24:00 | Age | Castle Age |
| 24:01 | Research | Crossbowman (upgrade) |
| 24:05 | Build | House |
| 24:06 | Build | House |
| 24:06 | Build | House |
| 24:08 | Build | House |
| 24:11 | Build | House |
| 24:12 | Build | Farm |
| 24:13 | Build | Farm |
| 24:14 | Build | Farm |
| 24:15 | Build | Farm |
| 24:19 | Build | Farm |
| 24:20 | Build | Farm |
| 24:20 | Build | Farm |
| 24:23 | Create | Villager (Male) ×5 |
| 24:42 | Build | House |
| 25:27 | Build | Siege Workshop |
| 25:56 | Build | Farm |
| 25:57 | Build | Farm |
| 26:48 | Build | Farm |
| 26:53 | Create | Villager (Male) ×5 |
| 26:54 | Create | Villager (Male) ×5 |
| 27:14 | Build | House |
| 27:15 | Build | House |
| 27:17 | Build | House |
| 27:22 | Build | House |
| 27:23 | Build | House |
| 28:25 | Build | Lumber Camp |
| 28:37 | Build | House |
| 29:23 | Create | Villager (Male) |
| 29:23 | Create | Villager (Male) |
| 29:23 | Create | Villager (Male) |
| 29:23 | Create | Villager (Male) |
| 29:24 | Create | Villager (Male) |
| 29:24 | Create | Villager (Male) |
| 29:24 | Create | Villager (Male) |
| 29:26 | Research | Town Watch |
| 29:32 | Create | Mangonel |
| 29:49 | Create | Archer ×5 |
| 29:54 | Create | Archer |
| 30:28 | Build | Mining Camp |
| 31:33 | Build | Town Center |
| 33:17 | Create | Archer ×5 |
| 33:17 | Create | Archer ×5 |
| 33:21 | Create | Villager (Male) ×5 |
| 33:21 | Create | Villager (Male) ×5 |
| 33:24 | Create | Villager (Male) ×5 |
Build order — Rullandebulle
First 150 of 232 actions detected
| 0:03 | Build | House |
| 0:05 | Build | House |
| 0:09 | Create | Villager (Male) ×4 |
| 1:19 | Create | Villager (Male) |
| 1:40 | Research | Loom |
| 1:52 | Create | Villager (Male) |
| 2:39 | Create | Villager (Male) |
| 3:25 | Create | Villager (Male) |
| 3:48 | Create | Villager (Male) |
| 3:48 | Create | Villager (Male) |
| 3:57 | Build | House |
| 4:11 | Build | Lumber Camp |
| 4:15 | Create | Villager (Male) |
| 4:35 | Create | Villager (Male) |
| 4:51 | Create | Villager (Male) |
| 5:38 | Create | Villager (Male) |
| 6:04 | Build | House |
| 6:37 | Build | Mill |
| 6:40 | Create | Villager (Male) |
| 6:40 | Create | Villager (Male) |
| 6:41 | Create | Villager (Male) |
| 6:53 | Build | Mining Camp |
| 6:57 | Create | Villager (Male) |
| 7:37 | Build | Farm |
| 7:40 | Build | Farm |
| 8:08 | Create | Villager (Male) |
| 8:42 | Create | Villager (Male) |
| 8:57 | Build | House |
| 8:59 | Build | House |
| 9:19 | Research | Feudal Age |
| 10:10 | Create | Villager (Male) |
| 10:10 | Create | Villager (Male) |
| 10:38 | Build | Barracks |
| 10:52 | Create | Villager (Male) |
| 11:27 | Build | Farm |
| 11:28 | Build | Farm |
| 11:29 | Age | Feudal Age |
| 11:41 | Build | Market |
| 11:52 | Create | Villager (Male) |
| 11:56 | Research | Double-Bit Axe |
| 12:03 | Build | Farm |
| 12:35 | Build | Blacksmith |
| 13:18 | Build | Archery Range |
| 13:22 | Create | Villager (Male) |
| 13:23 | Research | Town Watch |
| 13:37 | Build | Farm |
| 13:48 | Build | Farm |
| 13:56 | Create | Villager (Male) |
| 13:58 | Create | Villager (Male) |
| 14:28 | Build | Farm |
| 14:40 | Create | Archer |
| 14:40 | Create | Archer |
| 14:41 | Create | Archer |
| 14:41 | Create | Archer |
| 14:41 | Create | Archer |
| 14:48 | Research | Fletching |
| 14:49 | Research | Padded Archer Armor |
| 15:07 | Build | Watch Tower |
| 15:38 | Create | Archer |
| 16:10 | Create | Archer |
| 16:10 | Create | Archer |
| 16:57 | Create | Archer |
| 17:13 | Build | House |
| 17:14 | Build | House |
| 17:14 | Build | House |
| 17:19 | Research | Wheelbarrow |
| 17:30 | Create | Villager (Male) |
| 17:35 | Create | Archer |
| 17:47 | Build | Farm |
| 17:48 | Build | Farm |
| 17:49 | Build | Farm |
| 18:17 | Create | Spearman |
| 18:17 | Create | Spearman |
| 18:17 | Create | Spearman |
| 18:19 | Create | Skirmisher |
| 18:32 | Build | Stone Wall |
| 18:49 | Build | Stone Wall |
| 19:07 | Create | Archer |
| 19:10 | Build | Farm |
| 19:16 | Build | Farm |
| 19:20 | Create | Villager (Male) |
| 19:20 | Create | Villager (Male) |
| 19:28 | Build | Lumber Camp |
| 19:34 | Create | Villager (Male) |
| 19:44 | Research | Gold Mining |
| 19:49 | Create | Archer |
| 19:49 | Create | Archer |
| 20:30 | Build | House |
| 20:43 | Research | Castle Age |
| 22:00 | Create | Villager (Male) |
| 22:01 | Create | Villager (Male) |
| 22:01 | Create | Villager (Male) |
| 22:06 | Create | Spearman |
| 22:06 | Create | Spearman |
| 22:07 | Create | Spearman |
| 22:21 | Research | Horse Collar |
| 22:42 | Build | Stone Wall |
| 22:54 | Build | Mining Camp |
| 23:11 | Build | House |
| 23:23 | Age | Castle Age |
| 23:25 | Research | Leather Archer Armor |
| 23:38 | Research | Crossbowman (upgrade) |
| 23:55 | Build | Siege Workshop |
| 23:57 | Create | Villager (Male) |
| 24:09 | Research | Scale Mail Armor |
| 24:17 | Create | Villager (Male) |
| 24:49 | Build | House |
| 24:56 | Create | Villager (Male) |
| 25:51 | Research | Hand Cart |
| 27:04 | Create | Mangonel ×5 |
| 27:25 | Research | Bodkin Arrow |
| 27:29 | Create | Villager (Male) |
| 27:30 | Create | Villager (Male) |
| 27:40 | Build | Farm |
| 27:41 | Build | Farm |
| 27:44 | Research | Stone Mining |
| 27:50 | Create | Spearman |
| 28:04 | Create | Villager (Male) |
| 28:04 | Create | Villager (Male) |
| 28:19 | Build | Farm |
| 28:32 | Create | Villager (Male) |
| 28:46 | Build | Town Center |
| 28:53 | Create | Villager (Male) |
| 28:53 | Create | Villager (Male) |
| 28:55 | Create | Archer |
| 28:56 | Create | Archer |
| 28:59 | Create | Spearman |
| 29:15 | Create | Villager (Male) |
| 29:39 | Build | Castle |
| 29:44 | Create | Archer |
| 29:45 | Create | Archer |
| 30:04 | Build | University |
| 30:08 | Create | Villager (Male) ×4 |
| 30:14 | Build | Farm |
| 30:16 | Build | Farm |
| 30:23 | Create | Villager (Male) |
| 31:02 | Create | Mameluke |
| 31:03 | Create | Mameluke |
| 31:03 | Create | Mameluke |
| 31:08 | Build | Farm |
| 31:09 | Build | Farm |
| 31:09 | Build | Farm |
| 31:10 | Build | Farm |
| 31:10 | Build | Farm |
| 31:10 | Build | Farm |
| 31:11 | Build | Farm |
| 31:11 | Build | Farm |
| 31:12 | Build | Farm |
| 31:24 | Create | Villager (Male) ×3 |
| 32:19 | Create | Mameluke |
Match timeline
| 4:02 | AOELG Cpt.Prisma · wall_segment Palisade Wall x1 |
| 4:02 | AOELG Cpt.Prisma · wall_segment Palisade Wall x1 |
| 6:06 | AOELG Cpt.Prisma · first_building Barracks |
| 7:08 | AOELG Cpt.Prisma · wall_segment Palisade Wall x5 |
| 7:13 | Captain Fluffy · first_building Barracks |
| 7:36 | AOELG_magic_vky · first_building Barracks |
| 7:40 | Karlavagnen · first_building Barracks |
| 7:48 | Captain Fluffy · wall_segment Palisade Wall x2 |
| 8:00 | Karlavagnen · wall_segment Palisade Wall x19 |
| 8:28 | Karlavagnen · wall_segment Palisade Wall x6 |
| 8:32 | Karlavagnen · wall_segment Palisade Wall x7 |
| 8:37 | AOELG_danger bochem · first_building Barracks |
| 8:44 | Captain Fluffy · wall_segment Palisade Wall x8 |
| 8:51 | AOELG_magic_vky · wall_segment Palisade Wall x1 |
| 8:52 | AOELG_danger bochem · wall_segment Palisade Wall x6 |
| 9:01 | Karlavagnen · wall_segment Palisade Wall x3 |
| 9:03 | Karlavagnen · wall_segment Palisade Wall x5 |
| 9:05 | Karlavagnen · wall_segment Palisade Wall x19 |
| 9:15 | AOELG_magic_vky · age_up feudal |
| 9:18 | AOELG_magic_vky · first_building Stable |
| 9:19 | AOELG_danger bochem · wall_segment Palisade Wall x37 |
| 9:48 | Captain Fluffy · wall_segment Palisade Wall x7 |
| 10:01 | AOELG_danger bochem · age_up feudal |
| 10:13 | Karlavagnen · age_up feudal |
| 10:17 | AOELG Cpt.Prisma · age_up feudal |
| 10:19 | AOELG Cpt.Prisma · first_building Archery Range |
| 10:27 | Captain Fluffy · wall_segment Palisade Wall x6 |
| 10:29 | Karlavagnen · first_building Stable |
| 10:37 | AOELG_danger bochem · first_building Archery Range |
| 10:38 | Rullandebulle · first_building Barracks |
| 10:53 | AOELG_magic_vky · wall_segment Palisade Wall x8 |
| 10:56 | AOELG_magic_vky · wall_segment Palisade Wall x6 |
| 11:29 | Rullandebulle · age_up feudal |
| 11:34 | AOELG Cpt.Prisma · wall_segment Palisade Wall x1 |
| 11:35 | AOELG Cpt.Prisma · wall_segment Palisade Wall x1 |
| 11:36 | Captain Fluffy · age_up feudal |
| 11:39 | Captain Fluffy · first_building Stable |
| 12:41 | AOELG_magic_vky · wall_segment Palisade Wall x8 |
| 13:18 | Rullandebulle · first_building Archery Range |
| 13:28 | Captain Fluffy · wall_segment Palisade Wall x8 |
| 14:25 | Captain Fluffy · wall_segment Palisade Wall x12 |
| 14:28 | AOELG Cpt.Prisma · wall_segment Palisade Wall x5 |
| 14:48 | AOELG_magic_vky · wall_segment Palisade Wall x5 |
| 16:59 | AOELG Cpt.Prisma · wall_segment Palisade Wall x1 |
| 17:31 | AOELG Cpt.Prisma · wall_segment Palisade Wall x8 |
| 18:32 | Rullandebulle · wall_segment Stone Wall x6 |
| 18:49 | Rullandebulle · wall_segment Stone Wall x3 |
| 20:20 | Rullandebulle · first_market_sell 100 wood |
| 20:25 | Rullandebulle · first_market_buy 100 food |
| 21:00 | AOELG Cpt.Prisma · first_market_buy 100 food |
| 21:10 | AOELG_danger bochem · wall_segment Palisade Wall x3 |
| 22:42 | Rullandebulle · wall_segment Stone Wall x17 |
| 23:23 | Rullandebulle · age_up castle |
| 23:24 | Karlavagnen · first_building Archery Range |
| 23:44 | Captain Fluffy · wall_segment Palisade Wall x5 |
| 23:47 | Karlavagnen · wall_segment Palisade Wall x1 |
| 23:55 | Rullandebulle · first_building Siege Workshop |
| 24:00 | AOELG_danger bochem · age_up castle |
| 24:06 | AOELG Cpt.Prisma · age_up castle |
| 24:35 | AOELG_magic_vky · age_up castle |
| 25:00 | Karlavagnen · wall_segment Palisade Wall x1 |
| 25:27 | AOELG_danger bochem · first_building Siege Workshop |
| 27:29 | Karlavagnen · age_up castle |
| 27:46 | Karlavagnen · first_building Siege Workshop |
| 28:56 | Captain Fluffy · age_up castle |
| 29:39 | Rullandebulle · first_building Castle |
| 31:41 | AOELG Cpt.Prisma · first_building Castle |
| 32:58 | Rullandebulle · tribute_sent a jugador 1 |
| 32:58 | Rullandebulle · tribute_sent a jugador 2 |
| 32:58 | Rullandebulle · tribute_sent a jugador 3 |
| 32:58 | Rullandebulle · tribute_sent a jugador 4 |
| 32:58 | Rullandebulle · tribute_sent a jugador 6 |
| 33:19 | Karlavagnen · tribute_sent a jugador 2 |
| 33:19 | Karlavagnen · tribute_sent a jugador 3 |
| 33:19 | Karlavagnen · tribute_sent a jugador 4 |
| 33:19 | Karlavagnen · tribute_sent a jugador 5 |
| 33:19 | Karlavagnen · tribute_sent a jugador 6 |
| 34:00 | AOELG Cpt.Prisma · wall_segment Palisade Wall x1 |
| 34:01 | AOELG Cpt.Prisma · wall_segment Palisade Wall x2 |
| 34:01 | AOELG Cpt.Prisma · wall_segment Palisade Wall x2 |
| 34:01 | AOELG Cpt.Prisma · wall_segment Palisade Wall x2 |
| 35:01 | AOELG Cpt.Prisma · first_building Stable |
| 36:28 | AOELG Cpt.Prisma · first_building Monastery |
| 37:06 | AOELG_magic_vky · first_market_sell 100 food |
| 37:20 | AOELG_danger bochem · first_building Stable |
| 37:54 | Karlavagnen · first_market_buy 100 wood |
| 38:30 | Karlavagnen · first_building Castle |
| 38:33 | AOELG_danger bochem · first_building Monastery |
| 39:34 | AOELG_magic_vky · first_building Monastery |
| 40:04 | AOELG_danger bochem · wall_segment Palisade Wall x1 |
| 40:10 | Rullandebulle · tribute_sent a jugador 1 |
| 40:10 | Rullandebulle · tribute_sent a jugador 2 |
| 40:10 | Rullandebulle · tribute_sent a jugador 3 |
| 40:10 | Rullandebulle · tribute_sent a jugador 4 |
| 40:10 | Rullandebulle · tribute_sent a jugador 6 |
| 41:37 | AOELG_magic_vky · first_building Castle |
| 43:17 | AOELG_danger bochem · first_market_sell 500 wood |
| 43:31 | AOELG_magic_vky · age_up imperial |
| 43:35 | AOELG Cpt.Prisma · first_building Siege Workshop |
| 44:09 | AOELG_danger bochem · age_up imperial |
| 44:40 | Captain Fluffy · first_building Archery Range |
| 45:22 | AOELG_danger bochem · wall_segment Palisade Wall x1 |
| 46:17 | AOELG Cpt.Prisma · age_up imperial |
| 47:15 | Karlavagnen · age_up imperial |
| 48:40 | Karlavagnen · resign |
| 48:52 | AOELG_danger bochem · first_building Castle |
[ AI ANALYSIS · 1 CREDIT ]
What really happened in this match?
Wolo.gg analyzes every decision: build order, eco, micro, common mistakes by bracket. Personalized analysis on WhatsApp or Discord in 30 seconds.
Civ guide
Franks
Perfil
Jugador #1297220